 Dungeon Crawl Stone Soup version 0.31.0 (webtiles) character file.

Game seed: 14189599327617039505

544 SnakkuSnakku7 the Cudgeller (level 7, -5/52 HPs)
             Began as a Formicid Cinder Acolyte on Jan 20, 2024.
             Was an Elder of Ignis.
             Slain by an ogre
             ... wielding a +0 giant club
              (28 damage)
             ... on level 6 of the Dungeon.
             The game lasted 00:05:40 (4151 turns).

SnakkuSnakku7 the Cudgeller (FoCA)                  Turns: 4151, Time: 00:05:41

Health: -5/52      AC:  9    Str: 21    XL:     7   Next: 52%
Magic:  8/8        EV:  8    Int: 13    God:    Ignis [****..]
Gold:   320        SH:  0    Dex:  9    Spells: 8/8 levels left

rFire   + . .        a - +0 mace (venom)
rCold   . . .        (no shield)
rNeg    . . .        c - +0 chain mail
rPois   +            (helmet unavailable)
rElec   .            (no cloak)
rCorr   .            r - +0 pair of gloves
SInv    +            (no boots)
Will    .....        (no amulet) Stlth
                     k - ring of poison resistance
HPRegen 0.28/turn    (no ring)
MPRegen 0.11/turn

%: no passive effects
@: no status effects
A: permanent stasis, dig shafts and tunnels, antennae 3, four strong arms
a: Dig, Shaft Self, Renounce Religion, Fiery Armour, Foxfire Swarm, Rising Flame


You were on level 6 of the Dungeon.
You worshipped Ignis.
Ignis was greatly pleased with you.
You visited 1 branch of the dungeon, and saw 6 of its levels.

You collected 320 gold pieces.

Inventory:

Hand Weapons
 a - a +0 mace of venom (weapon)
 h - a -1 hand axe of flaming
Missiles
 j - 2 poisoned darts
 l - a throwing net
Armour
 b - a +0 robe
 c - a +0 chain mail (worn)
 r - a +0 pair of gloves (worn)
Jewellery
 k - a ring of poison resistance (left hand)
 n - a +6 ring of dexterity
Wands
 w - a wand of flame (14)
Scrolls
 i - a scroll of immolation {unknown}
 m - a scroll of amnesia {unknown}
 o - a scroll of teleportation {unknown}
 q - a scroll of acquirement {unknown}
 s - a scroll of brand weapon {unknown}
 t - a scroll of silence {unknown}
 u - a scroll of vulnerability {unknown}
Potions
 d - a potion of enlightenment
 e - a potion of cancellation
 f - 3 potions of curing {unknown}
 g - a potion of might {unknown}
 p - 2 potions of degeneration {unknown}
 v - a potion of lignification


   Skills:
 - Level 3.2 Fighting
 - Level 4.1(6.0) Axes
 + Level 6.8(7.4) Maces & Flails
 - Level 1.1 Spellcasting
 - Level 3.0 Fire Magic


You had 8 spell levels left.
You didn't know any spells.
Your spell library contained the following spells:

 Spells                   Type           Power      Damage    Failure   Level
 Scorch                   Fire           16%        2d5       69%         2
 Inner Flame              Hex/Fire       4%         N/A       98%         3
 Ozocubu's Armour         Ice            0%         N/A       100%        3
 Tukima's Dance           Hex            0%         N/A       100%        3
 Dimensional Bullseye     Hex/Tloc       0%         N/A       100%        4
 Flame Wave               Conj/Fire      4%         2d5       100%        4
 Iskenderun's Mystic Bla  Conj/Tloc      0%         2d3       100%        4
 Summon Blazeheart Golem  Fire/Summ      4%         N/A       100%        4
 Irradiate                Conj/Alch      0%         3d11      100%        5
 Metabolic Englaciation   Hex/Ice        0%         N/A       100%        5
 Sculpt Simulacrum        Ice/Alch       0%         N/A       100%        6
 Summon Cactus Giant      Summ           0%         N/A       100%        6
 Orb of Destruction       Conj           0%         9d5       100%        7
 Spellforged Servitor     Conj/Summ      0%         N/A       100%        7
 Ignition                 Fire           4%         3d4       100%        8


Dungeon Overview and Level Annotations

Branches:
Dungeon (6/15)             Temple (0/1) D:5

Altars:
Ashenzari
Elyvilon
Uskayaw
Zin


Innate Abilities, Weirdness & Mutations

You cannot be hasted, slowed, berserked, paralysed or teleported.
You can dig through walls and to a lower floor.
You have a pair of large antennae on your head. (SInv)
Your four strong arms can wield two-handed weapons with a shield.


Message History

You now have 307 gold pieces (gained 11).
There is a stone staircase leading down here.
An adder comes into view.
You closely miss the adder. The adder bites you.
The adder completely misses you.
You thump the adder!
The adder is poisoned.
The adder is severely wounded.
You kill the adder!
You see here an adder corpse.
There is a stone staircase leading down here.
You see here a +0 ring mail of willpower.
You now have 320 gold pieces (gained 13).
You sense a monster nearby.
An adder comes into view.
An ogre comes into view. It is wielding a +0 giant club.
Found 2 potions of heal wounds.
The ogre shouts!
The adder barely misses you.
You hit the adder.
The adder is poisoned.
The adder is lightly wounded.
The adder barely misses you.
You hit the adder.
The adder looks as sick as possible!
The adder is heavily wounded.
The adder closely misses you. The adder bites you but does no damage.
You closely miss the adder.
The adder is heavily wounded.
You kill the adder!
You hit the ogre but do no damage.
The ogre is poisoned.
The ogre hits you with a +0 giant club!!
Ouch! That really hurt!
You hit the ogre.
The ogre looks as sick as possible!
The ogre is moderately wounded.
The ogre hits you with a +0 giant club.
You hit the ogre.
The ogre is heavily wounded.
You hit the ogre.
The ogre looks as sick as possible!
The ogre is severely wounded.
The ogre hits you with a +0 giant club!!
Ouch! That really hurt!
You die...

#..#######. ##.#####...
#.......## #######
#####..#.. ....... ##......
....... #..####. .......
#..# #.
.......#############..####.
.........O@................
!......##########....#####.
....... #######.#..# ##
....... ###.........## ##
.......##...###..#########.
########..### #.## ###.....
######.## #.####...####
#.......#####.##...######
#.......#.....##........[


You could see an ogre (extremely poisoned).

Vanquished Creatures
  A phantom (D:4)
  An orc priest (D:4)
  A jelly (D:6)
  2 gnoll boudas (D:4)
  A sleepcap (D:6)
  An orc wizard (D:4)
  2 iguanas (D:5)
  7 gnolls (D:4)
  5 adders
  A shadow imp (D:6)
  4 dart slugs
  A ribbon worm (D:2)
  17 orcs
  12 endoplasms
  3 giant cockroaches
  6 goblins
  5 hobgoblins
  7 jackals
  7 quokkas
  7 ball pythons
  5 bats
  2 frilled lizards
  3 kobolds
  9 rats
110 creatures vanquished.

Vanquished Creatures (others)
  31 foxfires (D:4)
31 creatures vanquished.

Grand Total: 141 creatures vanquished

Notes
Turn   | Place    | Note
-------+----------+-------------------------------------------
     0 | D:1      | SnakkuSnakku7 the Formicid Cinder Acolyte began the quest
                  | for the Orb.
     0 | D:1      | Reached XP level 1. HP: 18/18 MP: 2/2
   123 | D:1      | Reached XP level 2. HP: 14/24 MP: 3/3
   330 | D:1      | Reached XP level 3. HP: 26/29 MP: 4/4
   729 | D:2      | Reached skill level 1 in Maces & Flails
  1072 | D:2      | Reached XP level 4. HP: 32/35 MP: 5/5
  1081 | D:2      | Reached skill level 2 in Maces & Flails
  1334 | D:2      | Found the Hermit's Pendant {Faith Invo=14 Evo=0 MP+5}
  1518 | D:3      | Found a broken altar of Ashenzari.
  1690 | D:3      | Reached skill level 3 in Maces & Flails
  1690 | D:3      | Reached XP level 5. HP: 22/41 MP: 6/6
  1817 | D:3      | Found a glowing silver altar of Zin.
  2215 | D:4      | Reached skill level 4 in Maces & Flails
  2345 | D:4      | Reached XP level 6. HP: 17/47 MP: 7/7
  2501 | D:4      | Reached skill level 5 in Maces & Flails
  2758 | D:4      | Found a white marble altar of Elyvilon.
  2769 | D:4      | Reached XP level 7. HP: 10/52 MP: 8/8
  2773 | D:4      | Reached skill level 6 in Maces & Flails
  3019 | D:4      | Found a hide-covered altar of Uskayaw.
  3252 | D:5      | Entered Level 5 of the Dungeon
  3479 | D:5      | Found a staircase to the Ecumenical Temple.
  4151 | D:6      | Slain by an ogre

Illustrated notes

Levels and vault maps discovered:
D:1:      dpeg_arrival_signposts, layout_basic
D:2:      layout_loops_corners
D:3:      layout_rooms, nicolae_ashenzari_panopticon, zin_scriptorium
D:4:      layout_gridville, old_standard_altar, mainiacjoe_overflow_alcove_4
D:5:      layout_rooms, minmay_temple_entry_glassed_door, serial_rivers,
          chequers_serial_rivers_micro_c, chequers_serial_rivers_micro_c,
          chequers_serial_rivers_micro_e, chequers_serial_rivers_small_3,
          chequers_serial_rivers_micro_c, nicolae_kite_square_tiling_tiny
D:6:      layout_rooms

Skill      XL: |  1  2  3  4  5  6  7 |
---------------+----------------------+-----
Axes           | 4 |  4.1
Maces & Flails | 1 3 4 5 6 |  6.8
Fighting       | |  3.2
Spellcasting   | |  1.1
Fire Magic     | |  3.0

Action                     |  1- 3 |  4- 6 |  7- 9 || total
---------------------------+-------+-------+-------++-------
  Melee: Hand axe          |    41 |       |       ||    41
         Mace              |    47 |   200 |    59 ||   306
         Punch             |       |     2 |     2 ||     4
 Invoke: Foxfire Swarm     |       |     1 |     1 ||     2
Ability: Dig               |       |     2 |       ||     2
  Evoke: Wand              |       |       |     1 ||     1
    Use: Scroll            |       |     4 |     2 ||     6
         Potion            |       |     2 |       ||     2
 Armour: Chain mail        |    73 |   223 |    43 ||   339
         Skin              |       |     6 |       ||     6
  Dodge: Dodged            |    33 |   103 |    21 ||   157
